[ PARTIDA AOE2 · #484134158 ]
1v1 RMMongoles vs Hindustanis
Equipo del jugador · VICT
Equipo rival · DERR
[ ANÁLISIS DE REPETICIÓN · EXTRAÍDO DE LA PARTIDA GRABADA ]
Feudal
9:16
Castillos
21:06
Imperial
—
| APM promedio | 40.6 |
| APM pico | 84 |
| eAPM promedio | 17.4 |
| Aldeanos / militares | 52 / 38 |
Foco
⚔️ 28.8% · 🌾 71.2%
Archer ×35 · Militia ×3
Feudal
9:15
Castillos
22:11
Imperial
—
| APM promedio | 35.5 |
| APM pico | 103 |
| eAPM promedio | 13.9 |
| Aldeanos / militares | 41 / 33 |
Foco
⚔️ 30.7% · 🌾 69.3%
Skirmisher ×19 · Archer ×14
Mapa de la partida
Recursos iniciales + cada clic de construcción. Líneas = muros · curvas = relieve. ◆ oro · ⬟ piedra · ● bayas · ✦ reliquia · ◌ hueco del cierre
Tu base· ✓ Cerrada en 21:06 · 32t muro · 1 puerta(s)
Base de mpmac32· ✓ Cerrada en 22:11 · 43t muro · 1 puerta(s)
Terreno inicial suavizado · ◌ = hueco del cierre detectado · pasá el cursor para detalles
Inputs por minuto
— rotrokas - - mpmac32
Build order — rotrokas
Primeras 150 de 152 acciones detectadas
| 0:00 | Crear | Villager (Male) |
| 0:00 | Crear | Villager (Male) |
| 0:02 | Construir | House |
| 0:05 | Construir | House |
| 0:07 | Crear | Villager (Male) |
| 0:08 | Crear | Villager (Male) |
| 1:29 | Crear | Villager (Male) |
| 1:59 | Construir | Lumber Camp |
| 2:01 | Crear | Villager (Male) |
| 2:02 | Crear | Villager (Male) |
| 2:31 | Crear | Villager (Male) |
| 2:32 | Crear | Villager (Male) |
| 2:36 | Construir | House |
| 2:47 | Crear | Villager (Male) |
| 3:05 | Crear | Villager (Male) |
| 3:06 | Crear | Villager (Male) |
| 3:45 | Crear | Villager (Male) |
| 3:46 | Crear | Villager (Male) |
| 3:58 | Crear | Villager (Male) |
| 3:58 | Crear | Villager (Male) |
| 4:10 | Construir | Mill |
| 4:24 | Crear | Villager (Male) |
| 5:13 | Crear | Villager (Male) |
| 5:25 | Crear | Villager (Male) |
| 5:26 | Investigar | Loom |
| 5:51 | Crear | Villager (Male) |
| 6:04 | Crear | Villager (Male) |
| 6:04 | Investigar | Loom |
| 6:17 | Construir | Barracks |
| 6:20 | Construir | House |
| 6:21 | Crear | Villager (Male) |
| 6:51 | Investigar | Feudal Age |
| 7:29 | Crear | Militia |
| 7:30 | Crear | Militia |
| 7:45 | Construir | House |
| 7:46 | Crear | Villager (Male) |
| 7:51 | Construir | Mining Camp |
| 8:20 | Crear | Militia |
| 8:36 | Construir | House |
| 8:40 | Construir | Palisade Wall |
| 9:00 | Crear | Villager (Male) |
| 9:16 | Edad | Edad Feudal |
| 9:20 | Investigar | Man-at-Arms (upgrade) |
| 9:26 | Construir | Archery Range |
| 9:28 | Construir | House |
| 9:39 | Crear | Villager (Male) |
| 10:06 | Crear | Villager (Male) |
| 10:16 | Crear | Villager (Male) |
| 10:43 | Crear | Villager (Male) |
| 10:44 | Crear | Archer |
| 11:11 | Crear | Villager (Male) |
| 11:12 | Crear | Villager (Male) |
| 11:16 | Crear | Villager (Male) |
| 11:18 | Construir | Mill |
| 11:20 | Crear | Villager (Male) |
| 11:21 | Construir | House |
| 11:27 | Construir | Farm |
| 11:28 | Construir | Farm |
| 11:37 | Crear | Archer |
| 11:50 | Crear | Archer |
| 12:00 | Investigar | Double-Bit Axe |
| 12:21 | Crear | Villager (Male) |
| 12:40 | Construir | Farm |
| 12:41 | Construir | Farm |
| 12:46 | Crear | Archer |
| 12:47 | Crear | Villager (Male) |
| 12:55 | Crear | Archer |
| 13:00 | Construir | Farm |
| 13:08 | Crear | Villager (Male) |
| 13:16 | Construir | House |
| 13:19 | Construir | Palisade Wall |
| 13:27 | Crear | Archer |
| 13:28 | Crear | Villager (Male) |
| 13:56 | Crear | Archer |
| 13:59 | Crear | Villager (Male) |
| 14:02 | Construir | Blacksmith |
| 14:11 | Crear | Villager (Male) |
| 14:13 | Construir | Farm |
| 14:15 | Construir | Farm |
| 14:20 | Crear | Villager (Male) |
| 14:29 | Crear | Villager (Male) |
| 14:36 | Crear | Archer |
| 14:40 | Crear | Villager (Male) |
| 14:50 | Investigar | Fletching |
| 15:03 | Construir | House |
| 15:08 | Construir | House |
| 15:09 | Construir | House |
| 15:11 | Crear | Villager (Male) |
| 15:14 | Construir | Farm |
| 15:15 | Construir | Farm |
| 15:18 | Construir | Farm |
| 15:19 | Crear | Villager (Male) |
| 15:21 | Crear | Archer |
| 15:55 | Crear | Archer |
| 15:56 | Crear | Villager (Male) |
| 16:08 | Construir | House |
| 16:10 | Crear | Villager (Male) |
| 16:20 | Construir | House |
| 16:22 | Construir | Palisade Wall |
| 16:25 | Construir | Palisade Wall |
| 16:34 | Crear | Archer |
| 16:49 | Construir | Market |
| 16:53 | Crear | Archer |
| 16:58 | Crear | Villager (Male) |
| 17:09 | Crear | Villager (Male) |
| 17:24 | Construir | Lumber Camp |
| 17:39 | Crear | Archer |
| 18:26 | Investigar | Castle Age |
| 18:28 | Crear | Archer |
| 18:32 | Construir | Archery Range |
| 18:35 | Crear | Archer |
| 18:35 | Crear | Archer |
| 19:03 | Crear | Archer |
| 19:07 | Construir | Farm |
| 19:09 | Construir | Farm |
| 19:14 | Construir | Farm |
| 19:19 | Construir | Farm |
| 19:24 | Construir | Farm |
| 19:31 | Crear | Archer |
| 19:51 | Crear | Archer |
| 20:18 | Construir | Palisade Gate |
| 20:44 | Construir | Palisade Gate |
| 20:50 | Crear | Archer |
| 20:53 | Crear | Archer |
| 21:06 | Edad | Edad de los Castillos |
| 21:15 | Investigar | Bodkin Arrow |
| 21:20 | Construir | University |
| 21:22 | Crear | Archer |
| 21:26 | Investigar | Crossbowman (upgrade) |
| 21:36 | Crear | Archer |
| 21:44 | Crear | Villager (Male) |
| 21:53 | Investigar | Gold Mining |
| 21:54 | Crear | Villager (Male) |
| 22:11 | Crear | Archer |
| 22:11 | Crear | Villager (Male) |
| 22:16 | Construir | House |
| 22:17 | Construir | House |
| 22:18 | Construir | House |
| 22:49 | Crear | Archer |
| 22:49 | Crear | Archer |
| 22:55 | Crear | Archer |
| 22:56 | Crear | Archer |
| 23:15 | Crear | Archer |
| 23:16 | Crear | Archer |
| 23:28 | Crear | Archer |
| 23:29 | Crear | Villager (Male) |
| 23:29 | Crear | Villager (Male) |
| 23:38 | Investigar | Ballistics |
| 23:58 | Crear | Archer |
| 23:58 | Crear | Archer |
Build order — mpmac32
142 acciones detectadas en el replay
| 0:00 | Crear | Villager (Male) |
| 0:01 | Crear | Villager (Male) |
| 0:02 | Construir | House |
| 0:03 | Construir | House |
| 0:17 | Crear | Villager (Male) |
| 0:17 | Crear | Villager (Male) |
| 1:13 | Crear | Villager (Male) |
| 1:47 | Construir | Lumber Camp |
| 2:01 | Crear | Villager (Male) |
| 2:02 | Crear | Villager (Male) |
| 2:10 | Crear | Villager (Male) |
| 2:10 | Crear | Villager (Male) |
| 2:50 | Crear | Villager (Male) |
| 2:59 | Crear | Villager (Male) |
| 3:04 | Construir | House |
| 3:12 | Crear | Villager (Male) |
| 3:26 | Crear | Villager (Male) |
| 3:26 | Crear | Villager (Male) |
| 3:48 | Crear | Villager (Male) |
| 4:03 | Crear | Villager (Male) |
| 5:03 | Construir | Mill |
| 5:18 | Crear | Villager (Male) |
| 5:20 | Crear | Villager (Male) |
| 5:35 | Crear | Villager (Male) |
| 6:35 | Investigar | Loom |
| 6:49 | Construir | Mining Camp |
| 6:59 | Investigar | Feudal Age |
| 7:17 | Construir | House |
| 8:02 | Construir | House |
| 8:28 | Construir | Barracks |
| 8:37 | Construir | Palisade Wall |
| 9:15 | Edad | Edad Feudal |
| 9:32 | Construir | Archery Range |
| 9:40 | Construir | Palisade Wall |
| 9:42 | Construir | Palisade Wall |
| 9:43 | Crear | Villager (Male) |
| 9:49 | Investigar | Double-Bit Axe |
| 9:49 | Investigar | Double-Bit Axe |
| 10:02 | Construir | Palisade Wall |
| 10:04 | Construir | Palisade Wall |
| 10:06 | Construir | Palisade Wall |
| 10:08 | Construir | Palisade Wall |
| 10:11 | Construir | Palisade Wall |
| 10:13 | Construir | Palisade Wall |
| 10:15 | Construir | Palisade Wall |
| 10:20 | Construir | Palisade Wall |
| 10:26 | Construir | Farm |
| 10:26 | Construir | Farm |
| 10:33 | Construir | House |
| 10:38 | Construir | Palisade Wall |
| 10:42 | Construir | House |
| 10:48 | Construir | Farm |
| 11:02 | Crear | Villager (Male) |
| 11:08 | Crear | Archer |
| 11:08 | Crear | Archer |
| 11:08 | Crear | Archer |
| 11:08 | Crear | Archer |
| 11:10 | Crear | Villager (Male) |
| 11:36 | Construir | Farm |
| 12:03 | Construir | Blacksmith |
| 12:06 | Crear | Villager (Male) |
| 12:16 | Crear | Skirmisher |
| 12:35 | Crear | Villager (Male) |
| 12:42 | Crear | Villager (Male) |
| 12:47 | Construir | Farm |
| 12:57 | Construir | Farm |
| 12:59 | Construir | Farm |
| 13:07 | Construir | Farm |
| 13:10 | Crear | Villager (Male) |
| 13:16 | Crear | Archer |
| 13:28 | Construir | Farm |
| 13:56 | Crear | Villager (Male) |
| 14:05 | Construir | Farm |
| 14:08 | Crear | Archer |
| 14:10 | Crear | Skirmisher |
| 14:16 | Investigar | Fletching |
| 14:20 | Construir | Farm |
| 14:27 | Crear | Villager (Male) |
| 14:30 | Crear | Archer |
| 14:52 | Crear | Skirmisher |
| 15:01 | Construir | Archery Range |
| 15:02 | Crear | Villager (Male) |
| 15:07 | Crear | Villager (Male) |
| 15:16 | Crear | Villager (Male) |
| 15:47 | Crear | Skirmisher |
| 15:47 | Crear | Skirmisher |
| 15:50 | Crear | Skirmisher |
| 15:50 | Crear | Skirmisher |
| 15:56 | Investigar | Padded Archer Armor |
| 16:02 | Crear | Skirmisher |
| 16:02 | Crear | Skirmisher |
| 16:13 | Crear | Archer |
| 16:15 | Crear | Skirmisher |
| 16:18 | Crear | Skirmisher |
| 16:21 | Crear | Villager (Male) |
| 16:21 | Crear | Villager (Male) |
| 16:36 | Crear | Villager (Male) |
| 16:51 | Construir | Farm |
| 17:00 | Construir | House |
| 17:01 | Construir | House |
| 17:07 | Investigar | Town Watch |
| 17:21 | Construir | Farm |
| 17:34 | Crear | Villager (Male) |
| 17:48 | Crear | Villager (Male) |
| 17:54 | Construir | Lumber Camp |
| 18:02 | Crear | Villager (Male) |
| 18:13 | Construir | Farm |
| 18:22 | Construir | House |
| 18:47 | Construir | House |
| 18:56 | Crear | Villager (Male) |
| 19:04 | Construir | Farm |
| 19:31 | Investigar | Castle Age |
| 19:37 | Construir | House |
| 19:40 | Crear | Archer |
| 19:40 | Crear | Archer |
| 19:40 | Crear | Archer |
| 19:47 | Crear | Villager (Male) |
| 20:00 | Construir | Farm |
| 20:06 | Construir | Palisade Wall |
| 20:12 | Construir | House |
| 20:16 | Construir | Palisade Wall |
| 20:21 | Construir | Palisade Wall |
| 20:29 | Construir | Palisade Gate |
| 20:31 | Crear | Villager (Male) |
| 20:49 | Crear | Archer |
| 20:49 | Crear | Archer |
| 20:50 | Crear | Archer |
| 21:17 | Crear | Skirmisher |
| 21:18 | Crear | Skirmisher |
| 21:18 | Crear | Skirmisher |
| 21:30 | Crear | Villager (Male) |
| 21:39 | Construir | Farm |
| 21:43 | Construir | House |
| 21:48 | Crear | Skirmisher |
| 21:48 | Crear | Skirmisher |
| 22:11 | Edad | Edad de los Castillos |
| 22:41 | Investigar | Bodkin Arrow |
| 22:50 | Crear | Skirmisher |
| 23:17 | Construir | Market |
| 23:56 | Crear | Skirmisher |
| 23:56 | Crear | Skirmisher |
| 23:59 | Investigar | Crossbowman (upgrade) |
Cronología de la partida
| 6:17 | rotrokas · first_building Barracks |
| 8:28 | mpmac32 · first_building Barracks |
| 8:37 | mpmac32 · wall_segment Palisade Wall x4 |
| 8:40 | rotrokas · wall_segment Palisade Wall x10 |
| 9:15 | mpmac32 · age_up feudal |
| 9:16 | rotrokas · age_up feudal |
| 9:26 | rotrokas · first_building Archery Range |
| 9:32 | mpmac32 · first_building Archery Range |
| 9:40 | mpmac32 · wall_segment Palisade Wall x4 |
| 9:42 | mpmac32 · wall_segment Palisade Wall x1 |
| 10:02 | mpmac32 · wall_segment Palisade Wall x1 |
| 10:04 | mpmac32 · wall_segment Palisade Wall x1 |
| 10:06 | mpmac32 · wall_segment Palisade Wall x1 |
| 10:08 | mpmac32 · wall_segment Palisade Wall x1 |
| 10:11 | mpmac32 · wall_segment Palisade Wall x1 |
| 10:13 | mpmac32 · wall_segment Palisade Wall x1 |
| 10:15 | mpmac32 · wall_segment Palisade Wall x1 |
| 10:20 | mpmac32 · wall_segment Palisade Wall x1 |
| 10:38 | mpmac32 · wall_segment Palisade Wall x1 |
| 13:19 | rotrokas · wall_segment Palisade Wall x6 |
| 16:22 | rotrokas · wall_segment Palisade Wall x3 |
| 16:25 | rotrokas · wall_segment Palisade Wall x13 |
| 17:49 | rotrokas · first_market_sell 100 stone |
| 17:50 | rotrokas · first_market_buy 100 food |
| 20:06 | mpmac32 · wall_segment Palisade Wall x9 |
| 20:16 | mpmac32 · wall_segment Palisade Wall x6 |
| 20:21 | mpmac32 · wall_segment Palisade Wall x10 |
| 21:06 | rotrokas · age_up castle |
| 22:11 | mpmac32 · age_up castle |
| 24:18 | mpmac32 · resign |
[ ANÁLISIS IA · 1 CRÉDITO ]
¿Qué pasó realmente en esta partida?
Wolo.gg analiza cada decisión: build order, eco, micro, errores típicos por bracket. Análisis personalizado por WhatsApp o Discord en 30 segundos.
Guía civ
Mongoles
Guía mapa
Arabia
Perfil
Jugador #1781159